 Dungeon Crawl Stone Soup version 0.23.2-1-ga50397a6bc (webtiles) character file.

Game seed: 5620057127732823088

37 Jaijje the Skirmisher (level 3, -11/22 HPs)
             Began as a Tengu Skald on May 18, 2019.
             Hit by a tomahawk thrown by an orc warrior (17 damage)
             ... on level 2 of the Dungeon.
             The game lasted 00:03:01 (1373 turns).

Jaijje the Skirmisher (Tengu Skald)                 Turns: 1373, Time: 00:03:01

Health: -11/22     AC:  3    Str: 12    XL:     3   Next: 41%
Magic:  7/7        EV: 12    Int: 13    God:
Gold:   74         SH:  0    Dex: 13    Spells: 5/6 levels left

rFire    . . .     SeeInvis .   a - +0 spear
rCold    . . .     Gourm    .   (no shield)
rNeg     . . .     Faith    .   b - +0 leather armour
rPois    .         Spirit   .   (helmet restricted)
rElec    .         Reflect  .   (no cloak)
rCorr    .         Harm     .   (no gloves)
MR       .....                  (boots unavailable)
Stlth    +.........             (no amulet)
HPRegen  0.07/turn              (no ring)
MPRegen  0.10/turn              (no ring)

@: no status effects
A: beak, talons 3
a: no special abilities


You were on level 2 of the Dungeon.
You were not hungry.

You visited 1 branch of the dungeon, and saw 2 of its levels.

You collected 74 gold pieces.

Inventory:

Hand Weapons
 a - a +0 spear (weapon)
Armour
 b - a +0 leather armour (worn)
Jewellery
 g - an uncursed ring of resist corrosion {unknown}
 j - an uncursed ring of protection from magic {unknown}
Scrolls
 c - 2 scrolls of remove curse {unknown}
Potions
 e - a potion of heal wounds {unknown}
 f - 2 potions of lignification {unknown}
 h - 2 potions of curing
 i - a potion of degeneration {unknown}
Comestibles
 d - 2 rations


   Skills:
 * Level 2.8 Fighting
 + Level 2.6 Polearms
 + Level 1.7 Armour
 + Level 2.6 Dodging
 - Level 2.0 Spellcasting
 - Level 2.4 Charms


You had 5 spell levels left.
You knew the following spells:

 Your Spells              Type           Power        Failure   Level  Hunger
a - Infusion              Chrm           #...         12%         1    ##.....

Your spell library contained the following spells:

 Spells                   Type           Power        Failure   Level  Hunger
 Song of Slaying          Chrm           #.......     19%         2    ###....
 Shroud of Golubria       Chrm/Tloc      #.........   30%         2    ###....
 Regeneration             Chrm/Necr      #.........   52%         3    ####...
 Spectral Weapon          Hex/Chrm       #.......     52%         3    ####...


Dungeon Overview and Level Annotations

Branches:
Dungeon (2/15)

Altars:


Innate Abilities, Weirdness & Mutations

You have a beak for a mouth.
You have claws for feet.


Message History

You hit the goblin.
You kill the goblin!
Attack whom?
Press: ? - help, Dir - move target cursor, f - kobold
Aim: a kobold, wielding a +0 dagger You reach to attack!
You hit the kobold.
You kill the kobold!
The orc warrior throws a tomahawk.
The tomahawk hits you!
You are too injured to fight recklessly!
You are too injured to fight recklessly!
You are too injured to fight recklessly!
You are too injured to fight recklessly!
The orc warrior throws a tomahawk.
The tomahawk hits you.
* * * LOW HITPOINT WARNING * * *
You see here a tomahawk.
The orc warrior throws a tomahawk.
The tomahawk completely misses you.
You see here a tomahawk.
The orc warrior throws a tomahawk.
The tomahawk hits you!
Ouch! That really hurt!
You die...

###......###...#..
#........# #...#.. #
#........###.#.#..
.#.####...#.........[...
...([...###.#######.#..#
........................
....##.###.#######.....
#... #.# #.# #..#..
#...##@###+###### #..
#.......#.......# .
..###....(........
#....#......#
#..s.#o.(...# .
#...(#.).(#.#
####.(o#### # #
#....os.#. # #...##.#.#
#


You could see an orc warrior and a giant cockroach.

Vanquished Creatures
  An adder (D:2)
  A dart slug (D:1)
  2 bats
  2 goblins
  3 hobgoblins (D:1)
  2 jackals (D:1)
  A quokka (D:2)
  2 ball pythons (D:2)
  7 kobolds
  5 rats
26 creatures vanquished.

Notes
Turn   | Place    | Note
-------+----------+-------------------------------------------
     0 | D:1      | Jaijje the Tengu Skald began the quest for the Orb.
     0 | D:1      | Reached XP level 1. HP: 12/12 MP: 4/4
   339 | D:1      | Reached XP level 2. HP: 14/17 MP: 6/6
  1182 | D:2      | Reached XP level 3. HP: 22/22 MP: 7/7
  1361 | D:2      | Noticed an orc warrior
  1373 | D:2      | Hit by a tomahawk thrown by an orc warrior

Action                   || total
-------------------------++-------
Melee: Spear             ||    67
       Kick              ||     4
       Peck              ||     5
  Use: Potion            ||     1
 Stab: Sleeping          ||     1
  Eat: Chunk             ||     1
Armor: Leather armour    ||     5
Dodge: Dodged            ||    31
